 Dungeon Crawl Stone Soup version 0.29-a0-925-g0a7a3d12f8 (webtiles) character file.

Game seed: 9628221351057466677

794 greasedhog the Shooter (level 7, 0/60 HPs)
             Began as a Gargoyle Hunter on July 29, 2022.
             Slain by an ogre
             ... wielding a +0 giant club
              (8 damage)
             ... on level 5 of the Dungeon.
             The game lasted 00:07:36 (5023 turns).

greasedhog the Shooter (Gargoyle Hunter)            Turns: 5023, Time: 00:07:36

Health: 0/60       AC: 23    Str: 14 (15) XL:     7   Next: 89%
Magic:  7/7        EV:  2    Int:  8 (9)  God:
Gold:   1158       SH:  0    Dex: 14 (15) Spells: 6/6 levels left

rFire   . . .      SeeInvis .   a - +1 shortbow
rCold   . . .      Faith    .   (shield currently unavailable)
rNeg    + . .      Spirit   .   (body armour currently unavailable)
rPois   ∞          Reflect  .   (helmet currently unavailable)
rElec   .          Harm     .   (cloak currently unavailable)
rCorr   +          Rampage  .   (gloves currently unavailable)
Will    +....      NoTele   +   (boots currently unavailable)
Stlth   +++.......              (no amulet)
HPRegen 0.20/turn               d - ring of willpower
MPRegen 0.10/turn               j - ring of resist corrosion

@: tree-form
A: stationary, stasis, torment immunity, boosted hp, sickness immunity, AC +4,
negative energy resistance 1, (electricity resistance), torment resistance 1,
petrification resistance, (fire resistance 1), no potion heal 1
a: no special abilities


You were on level 5 of the Dungeon.
You were a tree.
You visited 1 branch of the dungeon, and saw 5 of its levels.

You collected 1228 gold pieces.
You spent 70 gold pieces at shops.

Inventory:

Hand Weapons
 a - a +1 shortbow (weapon)
 c - a +0 rapier
 e - a +2 dagger of protection
Armour
 m - a +1 leather armour of fire resistance (melded)
Jewellery
 d - a ring of willpower (left branch)
 h - a ring of fire
 j - a ring of resist corrosion (right branch)
Wands
 f - a wand of flame (22)
Scrolls
 b - 3 scrolls of immolation
 k - a scroll of amnesia
 o - a scroll of teleportation
Potions
 l - a potion of ambrosia
 p - a potion of curing


   Skills:
 * Level 2.2 Fighting
 * Level 7.2 Ranged Weapons
 - Level 1.6 Dodging
 - Level 7.1 Stealth


You had 6 spell levels left.
You didn't know any spells.
Your spell library was empty.

Dungeon Overview and Level Annotations

Branches:
Dungeon (5/15)
 Temple: D:4-7

Altars:
Fedhas
Hepliaklqana

Shops:
D:3 ?


Innate Abilities, Weirdness & Mutations

You are a tree.
Your roots penetrate the ground, keeping you stationary.
You cannot be teleported.
You are immune to unholy pain and torment.
Your maximum health is greatly increased.
Your equipment is partially melded.
You are immune to sickness and miasma.
((Your stone body is resilient. (AC +4)))
You are immune to poison.
You resist negative energy. (rN+)
((You are resistant to electric shocks. (rElec)))
You are resistant to unholy torment.
You are immune to petrification.
((Your flesh is heat resistant. (rF+)))
Potions are less effective at restoring your health.


Message History

No target in view!
No target in view!
No target in view!
No target in view!
No target in view!
No target in view!
No target in view!
No target in view!
No target in view!
No target in view!
No target in view!
No target in view!
You now have 1158 gold pieces (gained 17).
An ogre and an iguana come into view.
There are monsters nearby!
There are monsters nearby!
You shoot an arrow. The arrow hits the iguana!
The iguana is heavily wounded.
The ogre shouts!
You shoot an arrow. The arrow hits the iguana.
The iguana is severely wounded.
You shoot an arrow. The arrow closely misses the iguana.
You shoot an arrow. The arrow closely misses the iguana.
You shoot an arrow. The arrow hits the iguana.
The iguana is almost dead.
The iguana bites you!
A worm comes into view.
As you read the scroll labelled ZIZAMM RI RUODIS, it crumbles to dust.
It is a scroll of enchant weapon.
Your +0 shortbow glows red for a moment.
The ogre hits you with a +0 giant club!!
Ouch! That really hurt!
* * * LOW HITPOINT WARNING * * *
The iguana bites you but does no damage.
It was a potion of lignification.
You turn into a tree.
Your +1 leather armour of fire resistance melds into your body.
You feel less resistant to fire.
Your roots penetrate the ground.
The iguana bites you but does no damage.
The ogre hits you with a +0 giant club!
You die...

#..## ##.#
#...###.##
##.......#
#.......##
##........#
#.........##
#......<...#
#..........##
#..........♣.#
#..)...>..Ol.#
.....[........#
#.............#
.............#
............#
..w.....##
........#


You could see an ogre, a worm (wandering) and an iguana.

Vanquished Creatures
  Eustachio (D:4)
  A water moccasin (D:4)
  A necrophage (D:4)
  A vampire bat (D:3)
  2 orc priests (D:4)
  An iguana (D:4)
  3 orc wizards (D:4)
  5 adders
  4 gnolls (D:3)
  4 worms
  A dart slug (D:2)
  3 fire bats (D:3)
  11 orcs
  2 spectral bats (D:3)
  18 bats
  3 bat skeletons (D:3)
  10 endoplasms
  4 giant cockroaches
  6 goblins
  6 hobgoblins
  4 jackals (D:1)
  9 kobolds
  4 quokkas
  A ball python (D:2)
  A bat simulacrum (D:3)
  4 frilled lizards
  9 rats
119 creatures vanquished.

Vanquished Creatures (others)
  A bat zombie (D:3)
1 creature vanquished.

Grand Total: 120 creatures vanquished

Notes
Turn   | Place    | Note
-------+----------+-------------------------------------------
     0 | D:1      | greasedhog the Gargoyle Hunter began the quest for the Orb.
     0 | D:1      | Reached XP level 1. HP: 12/12 MP: 1/1
   214 | D:1      | Reached XP level 2. HP: 17/17 MP: 2/2
   509 | D:1      | Found a faded altar of an unknown god.
   520 | D:1      | Reached XP level 3. HP: 21/21 MP: 3/3
  1184 | D:2      | Reached XP level 4. HP: 22/26 MP: 4/4
  1796 | D:2      | Reached skill level 5 in Ranged Weapons
  2367 | D:3      | Reached XP level 5. HP: 30/30 MP: 5/5
  2765 | D:3      | Reached skill level 5 in Stealth
  2765 | D:3      | Reached XP level 6. HP: 34/35 MP: 6/6
  2986 | D:3      | Found Iwarohyoq's Magic Scroll Shop.
  2993 | D:3      | Bought a scroll of teleportation for 42 gold pieces
  2993 | D:3      | Bought a scroll of identify for 28 gold pieces
  3459 | D:4      | Identified a scroll of acquirement
  3461 | D:4      | Acquired 918 gold pieces
  3866 | D:4      | Noticed Eustachio
  3892 | D:4      | Gained mutation: Potions are less effective at restoring
                  | your health. [potion of mutation]
  3892 | D:4      | Gained mutation: Your flesh is heat resistant. (rF+)
                  | [potion of mutation]
  3947 | D:4      | Killed Eustachio
  3948 | D:4      | Reached XP level 7. HP: 24/40 MP: 7/7
  4131 | D:4      | Found a blossoming altar of Fedhas.
  4424 | D:4      | Found a hazy altar of Hepliaklqana.
  4713 | D:5      | Entered Level 5 of the Dungeon
  5023 | D:5      | Slain by an ogre

Illustrated notes

Levels and vault maps discovered:
D:1:      kennysheep_arrival_forest, layout_loops_ring,
          shapermc_ecumenical_altar_starsandcircs, dreamdust_wishing_well,
          chequers_decorated_corner
D:2:      minmay_diamond_boxcup, layout_loops_ring, grunt_decor_cap,
          solitary_fountain
D:3:      layout_loops_cross, serial_shops, shop, kennysheep_another_room,
          chequers_serial_rivers_large_a, goddamned_bats
D:4:      layout_loops_ring, nzn_hepliaklqana_mist_gate,
          mainiacjoe_overflow_chevrons, enter_ossuary_2, uniq_eustachio
D:5:      layout_cave_pods, okawaru_altar_gauntlet_db

Skill      XL: |  1  2  3  4  5  6  7 |
---------------+----------------------+-----
Stealth        | 2 3 4 5 6 7 |  7.1
Ranged Weapons | 5 6 7 |  7.2
Fighting       | |  2.2
Dodging        | |  1.6

Action                   |  1- 3 |  4- 6 |  7- 9 || total
-------------------------+-------+-------+-------++-------
Melee: Dagger            |       |    72 |    15 ||    87
 Fire: Shortbow          |   110 |   258 |    42 ||   410
  Use: Scroll            |     2 |     8 |     2 ||    12
       Potion            |       |     5 |     1 ||     6
Armor: Leather armour    |    27 |   172 |    14 ||   213
       Skin              |       |       |     1 ||     1
Dodge: Dodged            |    41 |   257 |    15 ||   313

Table legend: (Time is in decaauts)
 A = Elapsed time spent in this place.
 B = Non-inter-level travel time spent in this place.
 C = Inter-level travel time spent in this place.
 D = Time resting spent in this place.
 E = Time spent auto-exploring this place.
 F = Levels seen in this place.
 G = Mean time per level.
                   A        B        C        D        E       F      G
               +--------+--------+--------+--------+--------+-----+--------+
         Total |   5115 |   4972 |    143 |    449 |   3644 |   5 | 1023.0 |
       Dungeon |   5115 |   4972 |    143 |    449 |   3644 |   5 | 1023.0 |
               +--------+--------+--------+--------+--------+-----+--------+

Top non-repeatable levels by time:
     D:4: 1713 daAuts
     D:3: 1293 daAuts
     D:2: 1176 daAuts
     D:1: 896 daAuts
     D:5: 36 daAuts
